 Dungeon Crawl Stone Soup version 0.28-a0-984-g3775c662fe (webtiles) character file.

Game seed: 6686947500128614724

236 Redcow54321 the Ruffian (level 5, -5/54 HPs)
             Began as a Troll Fighter on Dec 3, 2021.
             Shot with a bolt by a kobold (10 damage)
             ... on level 4 of the Dungeon.
             The game lasted 00:02:41 (1578 turns).

Redcow54321 the Ruffian (Troll Fighter)             Turns: 1578, Time: 00:02:42

Health: -5/54      AC:  4    Str: 26    XL:     5   Next: 77%
Magic:  4/4        EV: 10    Int:  4    God:
Gold:   129        SH:  0    Dex:  9    Spells: 4/4 levels left

rFire   . . .      SeeInvis .     - Unarmed
rCold   . . .      Faith    .   (no shield)
rNeg    . . .      Spirit   .   a - +0 robe
rPois   .          Reflect  .   (helmet restricted)
rElec   .          Harm     .   (no cloak)
rCorr   .          Rampage  .   (gloves unavailable)
Will    .....                   (boots unavailable)
Stlth   +.........              (no amulet)
HPRegen 0.98/turn               (no ring)
MPRegen 0.09/turn               (no ring)

@: no status effects
A: large, unfitting armour, claws 3, regeneration 1, shaggy fur 1, tough skin 1
a: no special abilities


You were on level 4 of the Dungeon.
You visited 1 branch of the dungeon, and saw 4 of its levels.

You collected 129 gold pieces.

Inventory:

Armour
 a - a +0 robe (worn)
 b - a +0 kite shield
Jewellery
 f - a ring of resist corrosion
Wands
 n - a wand of polymorph (5)
Scrolls
 d - a scroll of teleportation {unknown}
 g - a scroll of immolation {unknown}
 h - a scroll of enchant armour {unknown}
 i - a scroll of blinking {unknown}
 k - a scroll of vulnerability {unknown}
 m - a scroll of identify {unknown}
 o - a scroll of holy word {unknown}
Potions
 c - a potion of might
 e - a potion of resistance {unknown}
 j - a potion of degeneration {unknown}
 l - a potion of cancellation {unknown}
 p - a potion of heal wounds {unknown}


   Skills:
 + Level 3.9 Fighting
 - Level 2.4 Dodging
 - Level 2.4 Shields
 + Level 4.8 Unarmed Combat


You had 4 spell levels left.
You didn't know any spells.
Your spell library contained the following spells:

 Spells                   Type           Power      Damage    Failure   Level
 Summon Small Mammal      Summ           0%         N/A       50%         1
 Gell's Gravitas          Tloc           0%         N/A       86%         3
 Teleport Other           Tloc           0%         N/A       86%         3
 Dispersal                Tloc           0%         N/A       100%        6


Dungeon Overview and Level Annotations

Branches:
Dungeon (4/15)
 Temple: D:4-7

Altars:
Dithmenos
Gozag
Sif Muna


Innate Abilities, Weirdness & Mutations

You are too large for most types of armour.
You have claws for hands.
Your natural rate of healing is unusually fast.
You are covered in fur. (AC +1)
You have tough skin. (AC +1)


Message History

Deactivating autopickup; reactivate with Ctrl-A.
You barely miss something. Something hits you but does no damage.
You completely miss something.
A kobold comes into view. It is wielding a +0 club.
Something hits you.
You bump into the rock wall.
You feel less confused.
The kobold unwields a +0 club.
The kobold wields a +0 hand crossbow.
The kobold shoots a bolt.
The bolt barely misses you.
You hear some strange, mumbled words.
You are confused.
The kobold shoots a bolt.
The bolt hits you! Something hits you.
You bump into the rock wall.
The kobold shoots a bolt.
The bolt hits you! Something hits you but does no damage.
You bump into the rock wall.
The kobold shoots a bolt.
The bolt closely misses you. Something hits you but does no damage.
You bump into the rock wall.
The kobold shoots a bolt.
The bolt hits you! Something hits you but does no damage.
You bump into the rock wall.
Something hits you but does no damage.
You closely miss something.
The kobold shoots a bolt.
The bolt hits you.
You hear some strange, mumbled words.
A magic dart appears from out of thin air!
The magic dart hits you.
* * * LOW HITPOINT WARNING * * *
The kobold shoots a bolt.
The bolt barely misses you. Something hits you.
* * * LOW HITPOINT WARNING * * *
You feel less confused.
The kobold shoots a bolt.
The bolt hits you.
* * * LOW HITPOINT WARNING * * *
A magic dart appears from out of thin air!
The magic dart hits you.
* * * LOW HITPOINT WARNING * * *
The kobold shoots a bolt.
The bolt hits you.
* * * LOW HITPOINT WARNING * * *
Found a leather armour and a sedimented brown potion.
Found a robe.
Found a ruby potion.
The kobold shoots a bolt.
The bolt hits you!
* * * LOW HITPOINT WARNING * * *
The kobold shoots a bolt.
The bolt hits you!
You die...

#...# .# #!.. #.# #...
#... .[! ##... [.#
.....##.## .........### #
#.##..@...# #.
#.###.....#.
##(########...#.....#.
#.............#{#...#.
#.............#....#
.#..<..†........#.#.#
#.........)...##.#.#.#
#.#.........)..).$K#.##.#
# #......†...####...)...#


You could see a kobold.

Vanquished Creatures
  An orc priest (D:3)
  Terence (D:3)
  Jessica (D:2)
  An orc wizard (D:3)
  5 adders
  A worm (D:3)
  A dart slug (D:1)
  9 orcs
  5 endoplasms
  A giant cockroach (D:2)
  6 goblins
  7 hobgoblins
  6 quokkas
  5 ball pythons
  2 bats
  A frilled lizard (D:1)
  3 kobolds
  A rat (D:2)
57 creatures vanquished.

Vanquished Creatures (others)
  An orc wizard (D:4)
  A fungus (D:3)
2 creatures vanquished.

Grand Total: 59 creatures vanquished

Notes
Turn   | Place    | Note
-------+----------+-------------------------------------------
     0 | D:1      | Redcow54321 the Troll Fighter began the quest for the Orb.
     0 | D:1      | Reached XP level 1. HP: 22/22 MP: 0/0
   417 | D:1      | Reached XP level 2. HP: 24/29 MP: 1/1
   837 | D:2      | Reached XP level 3. HP: 37/37 MP: 2/2
   844 | D:2      | Noticed Jessica
   882 | D:2      | Killed Jessica
   883 | D:2      | Reached skill level 3 in Unarmed Combat
   883 | D:2      | Reached XP level 4. HP: 36/45 MP: 3/3
   905 | D:2      | Found a shadowy altar of Dithmenos.
  1043 | D:3      | Noticed Terence
  1057 | D:3      | Killed Terence
  1079 | D:3      | Found a shimmering blue altar of Sif Muna.
  1132 | D:3      | Found a faded altar of an unknown god.
  1137 | D:3      | Got Plato's Collected Works on Calling
  1151 | D:3      | Found an opulent altar of Gozag.
  1280 | D:3      | Reached skill level 4 in Unarmed Combat
  1280 | D:3      | Reached XP level 5. HP: 45/54 MP: 4/4
  1578 | D:4      | Shot with a bolt by a kobold

Illustrated notes

Levels and vault maps discovered:
D:1:      dpeg_arrival_castle, layout_basic, minmay_quantized
D:2:      layout_loops_cross, basic_altar, kennysheep_generic_room_5,
          uniq_jessica
D:3:      layout_basic, general_overflow_altar,
          nicolae_gozag_cash_rules_everything_around_me,
          shapermc_ecumenical_altar_rom_forum, serial_shops, shop, uniq_sigmund,
          uniq_terence
D:4:      kennysheep_big_flooded_room, layout_rooms, kennysheep_mini,
          amcnicky_altar_gilded

Skill      XL: |  1  2  3  4 |
---------------+-------------+-----
Fighting       | 3 |  3.9
Unarmed Combat | 3 4 |  4.8
Dodging        | |  2.4
Shields        | |  2.4

Action                   |  1- 3 |  4- 6 || total
-------------------------+-------+-------++-------
Melee: Unarmed           |    55 |    90 ||   145
       Punch             |       |     2 ||     2
Armor: Robe              |    11 |    26 ||    37
       Skin              |     3 |       ||     3
Dodge: Dodged            |    43 |    27 ||    70
Block: Kite shield       |     6 |       ||     6

Table legend: (Time is in decaauts)
 A = Elapsed time spent in this place.
 B = Non-inter-level travel time spent in this place.
 C = Inter-level travel time spent in this place.
 D = Time resting spent in this place.
 E = Time spent auto-exploring this place.
 F = Levels seen in this place.
 G = Mean time per level.
                   A        B        C        D        E       F      G
               +--------+--------+--------+--------+--------+-----+--------+
         Total |   1573 |   1513 |     60 |      0 |   1154 |   4 |  393.2 |
       Dungeon |   1573 |   1513 |     60 |      0 |   1154 |   4 |  393.2 |
               +--------+--------+--------+--------+--------+-----+--------+

Top non-repeatable levels by time:
     D:1: 820 daAuts
     D:3: 442 daAuts
     D:2: 224 daAuts
     D:4: 86 daAuts
